 Dungeon Crawl Stone Soup version 0.30.0-29-ga12c61a403 (webtiles) character file.

Game seed: 8227302063790783706

66 Fecro the Sneak (level 3, -1/18 HPs)
             Began as a Spriggan Brigand on June 24, 2023.
             Killed by divine providence
             ... invoked by an orc priest
              (9 damage)
             ... on level 3 of the Dungeon.
             The game lasted 00:03:51 (1460 turns).

Fecro the Sneak (Spriggan Brigand)                  Turns: 1460, Time: 00:03:52

Health: -1/18      AC:  5    Str:  7    XL:     3   Next: 96%
Magic:  4/4        EV: 17    Int: 12    God:
Gold:   81         SH:  0    Dex: 18    Spells: 2/2 levels left

rFire   . . .        a - +2 dagger
rCold   . . .        (no shield)
rNeg    . . .        b - +0 robe
rPois   .            l - +2 hat
rElec   .            c - +0 cloak
rCorr   .            (gloves unavailable)
SInv    +            (boots unavailable)
Will    .....        m - amulet of faith
Stlth   ++++         (no ring)
HPRegen 0.23/turn    (no ring)
MPRegen 0.09/turn

%: faith
@: very quick
A: very small, no large weapons, unfitting armour, see invisible, speed 3
a: no special abilities


You were on level 3 of the Dungeon.
You visited 1 branch of the dungeon, and saw 3 of its levels.

You collected 81 gold pieces.

Inventory:

Hand Weapons
 a - a +2 dagger (weapon)
Missiles
 d - 11 poisoned darts (quivered)
 e - 3 curare-tipped darts
 j - 15 stones
Armour
 b - a +0 robe (worn)
 c - a +0 cloak (worn)
 l - a +2 hat (worn)
Jewellery
 m - an amulet of faith (around neck)
Scrolls
 g - 4 scrolls of identify {unknown}
 h - a scroll of teleportation {unknown}
 k - 3 scrolls of poison {unknown}
Potions
 f - a potion of might {unknown}
 i - 3 potions of curing {unknown}


   Skills:
 + Level 1.6 Fighting
 + Level 2.5 Short Blades
 * Level 2.4 Throwing
 + Level 2.2 Dodging
 * Level 7.4 Stealth


You had 2 spell levels left.
You didn't know any spells.
Your spell library was empty.

Dungeon Overview and Level Annotations

Branches:
Dungeon (3/15)

Altars:


Innate Abilities, Weirdness & Mutations

You are very small and have problems with some larger weapons.
You are too small for most types of armour.
You have supernaturally acute eyesight. (SInv)
You cover ground extremely quickly. (Speed+++)


Message History

You climb downwards.
Found a runed war axe and a dagger.
There is a stone staircase leading up here.
You see here a +0 war axe of electrocution.
An adder comes into view.
A kobold comes into view. It is wielding a +0 dagger.
A ball python comes into view.
An orc priest comes into view. It is wielding a +0 short sword.
The helpless adder fails to defend itself.
You spit the adder like a pig!!!
You kill the adder!
The orc priest shouts!
An orc priest comes into view. It is wielding a +0 club.
The kobold shouts!
The orc priest shouts!
The orc priest looks encouraged for a moment.
You miss the kobold. The kobold completely misses you.
You hit the kobold.
The kobold is moderately wounded.
The kobold hits you but does no damage.
You hit the kobold but do no damage.
The kobold is moderately wounded.
The kobold misses you.
You closely miss the kobold.
The kobold is moderately wounded.
You hit the kobold.
You kill the kobold!
The orc priest looks encouraged for a moment.
An orc comes into view. It is wielding a +0 flail.
The orc priest hits you with a +0 short sword.
You see here a +0 dagger.
The ball python hisses angrily.
You hit the orc priest.
The orc priest is moderately wounded.
The orc priest hits you with a +0 short sword.
You are too injured to fight recklessly!
There is a stone staircase leading up here.
The orc priest invokes the aid of Beogh against you.
Beogh smites you!
Ouch! That really hurt!
You die...

#).....# #......#
...... #......#
o.....
#......#####......
#......#..........
#......#..........
#......#..........
#@.....#..........
#......#..........
#......#...o......
#..)o..#...S######
#......#....#
#.####S#....# #.#
#.)o...# #.#
###....# ###
#....#


You could see an orc priest, an orc and a ball python.

Vanquished Creatures
  2 adders
  2 dart slugs
  3 ball pythons (D:2)
  5 bats
  7 endoplasms
  A giant cockroach (D:2)
  3 hobgoblins
  5 kobolds
  3 frilled lizards (D:1)
  5 goblins
  7 rats
43 creatures vanquished.

Notes
Turn   | Place    | Note
-------+----------+-------------------------------------------
     0 | D:1      | Fecro the Spriggan Brigand began the quest for the Orb.
     0 | D:1      | Reached XP level 1. HP: 10/10 MP: 2/2
    72 | D:1      | Reached skill level 6 in Stealth
   148 | D:1      | Reached XP level 2. HP: 14/14 MP: 3/3
   597 | D:1      | Reached XP level 3. HP: 18/18 MP: 4/4
   946 | D:2      | Reached skill level 7 in Stealth
  1460 | D:3      | Killed from afar by an orc priest

Illustrated notes

Levels and vault maps discovered:
D:1:      sevenhm_arrival_forest_fort_small_3, layout_basic, minivault_23
D:2:      layout_loops_ring, kennysheep_another_room
D:3:      layout_basic, mainiacjoe_overflow_alcove_1, basic_ecumenical_altar,
          gammafunk_ghost_cemetery, uniq_crazy_yiuf_cottage, uniq_ijyb,
          uniq_natasha

Skill      XL: |  1  2  3 |
---------------+----------+-----
Stealth        | 6 7 |  7.4
Dodging        | 2 |  2.2
Fighting       | |  1.6
Short Blades   | |  2.5
Throwing       | |  2.4

Action                     || total
---------------------------++-------
  Melee: Dagger            ||   106
   Stab: Sleeping          ||    18
 Armour: Robe              ||    21
  Dodge: Dodged            ||    55
